 Dungeon Crawl Stone Soup version 0.25-a0-855-g681bda5 (webtiles) character file.

Game seed: 3647777827972568505, levelgen mode: deterministic

28068 Illumine the Cleaver (level 13, -7/121 HPs)
             Began as a Deep Dwarf Fighter on Apr 25, 2020.
             Was a Believer of Makhleb.
             Mangled by Erolcha
             ... wielding a cursed +0 giant spiked club
              (21 damage)
             ... on level 11 of the Dungeon.
             The game lasted 00:24:39 (11099 turns).

Illumine the Cleaver (Deep Dwarf Fighter)          Turns: 11099, Time: 00:24:39

Health: -7/121     AC: 19    Str: 32    XL:     13   Next: 7%
Magic:  7/7        EV: 11    Int: 12    God:    Makhleb [**....]
Gold:   699        SH: 13    Dex: 12    Spells: 12/12 levels left

rFire    . . .     SeeInvis .   a - +0 war axe
rCold    . . .     Gourm    .   c - +0 kite shield
rNeg     . . .     Faith    .   x - +0 plate armour
rPois    .         Spirit   .   h - +0 helmet
rElec    .         Reflect  .   (no cloak)
rCorr    .         Harm     .   l - +0 pair of gloves {Str+3}
MR       +....                  (no boots)
Stlth    ..........             (no amulet)
HPRegen  0.00/turn              v - +2 ring of protection
MPRegen  0.10/turn              A - ring of Rationality {Str+3 Int+4 Slay+4}

@: non-regenerating
A: damage resistance, heal wounds, sense surroundings 2, no regeneration
a: Heal Wounds, Minor Destruction, Renounce Religion


You were on level 11 of the Dungeon.
You worshipped Makhleb.
Makhleb was pleased with you.
You were very hungry.

You visited 3 branches of the dungeon, and saw 20 of its levels.

You collected 699 gold pieces.

Inventory:

Hand Weapons
 a - a +0 war axe (weapon)
 k - a +0 hand axe of electrocution
Armour
 c - a +0 kite shield (worn)
 h - a +0 helmet (worn)
 l - a +0 pair of gloves of strength (worn)
 x - a +0 plate armour (worn)
Jewellery
 v - a +2 ring of protection (left hand)
 A - the ring of Rationality (right hand) {Str+3 Int+4 Slay+4}
   (You found it on level 9 of the Dungeon)

   [ring of slaying]

   It affects your strength (+3).
   It affects your intelligence (+4).
   It affects your accuracy and damage with ranged weapons and melee attacks
   (+4).
 J - an uncursed ring of positive energy
 O - an uncursed ring of flight
Wands
 g - a wand of paralysis (7)
 u - a wand of flame (51)
 w - a wand of enslavement (15)
 B - a wand of random effects (24)
 L - a wand of polymorph (10)
Scrolls
 b - 2 scrolls of noise {unknown}
 d - a scroll of blinking
 j - 2 scrolls of immolation
 q - a scroll of brand weapon {unknown}
 r - 3 scrolls of remove curse {unknown}
 t - a scroll of amnesia {unknown}
 y - 3 scrolls of enchant weapon {unknown}
 z - 4 scrolls of teleportation {unknown}
 E - 3 scrolls of enchant armour {unknown}
 G - a scroll of vulnerability {unknown}
 I - 6 scrolls of identify
 K - a scroll of random uselessness {unknown}
 M - a scroll of summoning {unknown}
 P - a scroll of fear {unknown}
Potions
 e - 3 potions of haste
 i - 6 potions of curing
 m - 2 potions of heal wounds
 n - 2 potions of cancellation
 o - 5 potions of degeneration
 p - 3 potions of brilliance
 s - a potion of magic
 C - 2 potions of mutation {unknown}
 D - a potion of might
 F - a potion of ambrosia {unknown}
 H - 3 potions of flight {unknown}
 N - a potion of berserk rage {unknown}
 Q - a potion of stabbing {unknown}
Comestibles
 f - 27 rations


   Skills:
 + Level 9.1 Fighting
 + Level 13.4 Axes
 + Level 10.7 Armour
 + Level 7.5 Dodging
 + Level 10.7 Shields
 * Level 8.1 Invocations


You had 12 spell levels left.
You didn't know any spells.
Your spell library contained the following spells:

 Spells                   Type           Power        Failure   Level  Hunger
 Infusion                 Chrm           #...         98%         1    ##.....
 Magic Dart               Conj           #...         98%         1    ##.....
 Summon Small Mammal      Summ           #...         98%         1    ##.....
 Blink                    Tloc           N/A          99%         2    ###....
 Call Imp                 Summ           #.......     99%         2    ###....
 Shroud of Golubria       Chrm/Tloc      #.....       99%         2    ###....
 Slow                     Hex            #.......     99%         2    ###....
 Song of Slaying          Chrm           #.......     99%         2    ###....
 Call Canine Familiar     Summ           #.......     100%        3    ####...
 Conjure Flame            Conj/Fire      #.......     100%        3    ####...
 Mephitic Cloud           Conj/Pois/Air  #.......     100%        3    ####...
 Ozocubu's Armour         Chrm/Ice       #.......     100%        3    ####...
 Spectral Weapon          Hex/Chrm       #.......     100%        3    ####...
 Summon Guardian Golem    Hex/Summ       #.......     100%        3    ####...
 Cause Fear               Hex            #.........   100%        4    #####..
 Summon Ice Beast         Ice/Summ       #.......     100%        4    #####..
 Summon Lightning Spire   Summ/Air       #.......     100%        4    #####..
 Silence                  Hex/Air        #.........   100%        5    ######.
 Yara's Violent Unravell  Hex/Tmut       #.........   100%        5    ######.
 Discord                  Hex            #.........   100%        8    #######


Dungeon Overview and Level Annotations

Branches:
Dungeon (13/15)            Temple (1/1) D:7            Lair (6/6) D:10
  Swamp (0/4) Lair:2        Snake (0/4) Lair:2        Slime (0/5) Lair:5
    Orc: D:9-12      Vaults: D:13-14

Altars:
Ashenzari
Cheibriados
Dithmenos
Elyvilon
Fedhas
Gozag
Hepliaklqana
Kikubaaqudgha
Makhleb
Nemelex Xobeh
Okawaru
Qazlal
Ru
Sif Muna
Trog
Uskayaw
Vehumet
Wu Jian
Xom
Yredelemnul
Zin
The Shining One

Annotations:
D:3 1 runed translucent door
D:11 Erolcha
Lair:1 exclusion: electric eel


Innate Abilities, Weirdness & Mutations

You are resistant to damage.
You can heal yourself by infusing magical energy.
You passively map the area around you.
You do not regenerate.


Message History

You slice something!! You hit something.
You hear some strange, mumbled words.
Something tries to affect you, but you resist.
You barely miss something. Something hits you!
You barely miss something.
You hear some strange, mumbled words.
A bolt of lightning appears from out of thin air!
The bolt of lightning hits you!!
* * * LOW HITPOINT WARNING * * *
You hit something but do no damage. Something hits you!
* * * LOW HITPOINT WARNING * * *
You slash something! You closely miss something. Something hits you!
* * * LOW HITPOINT WARNING * * *
You closely miss something.
You feel much better. Something hits you!!
* * * LOW HITPOINT WARNING * * *
You hit something but do no damage. Something hits you!!
You die...

#.................., ,
#..............{...,
##############...######'#
* , ......########...# ,
...##.#..........# , *
...##.#..........# * ,
...##.'..........# * ,
...##.#.........{# *, , ≈
≈ ...##.#.........@# ,*
,, ...##.#..........#,,
,, ,≈≈ ≈
......+..........#,, ≈
......#..........#, ,, ≈
......#..........# , ,
... ....##....# ,,≈≈ , ,
,.. #....# ,≈ , ,, * ,
../... ≈ , , , , , , ≈≈≈≈


There were no monsters in sight!

Vanquished Creatures
  A hydra (Lair:3)
  A two-headed ogre (D:8)
  11 death yaks
  Nergalle (D:11)
  An ugly thing (D:13)
  A black mamba (Lair:3)
  Psyche (D:7)
  6 spiny frogs
  A torpor snail (Lair:3)
  A centaur skeleton (D:11)
  A komodo dragon (Lair:3)
  2 rime drakes
  A polar bear (Lair:5)
  2 dream sheep (Lair:3)
  3 blink frogs (Lair:2)
  2 hippogriffs
  A wraith (D:10)
  34 yaks
  3 wyverns
  4 hogs (D:7)
  Grum (D:9)
  A human (D:7)
  A hungry ghost (D:7)
  3 nagas (Lair:2)
  Edmund (D:6)
  4 porcupines
  12 water moccasins
  A sky beast (D:4)
  3 orc warriors
  A black bear (D:6)
  2 ogres
  An eye of draining (D:12)
  2 ice beasts
  A necrophage (D:9)
  8 wolves
  4 centaurs
  12 crocodiles
  9 bullfrogs
  A gnoll sergeant (D:5)
  3 scorpions
  6 killer bees (D:11)
  An electric eel (Lair:1)
  A howler monkey (D:9)
  A crimson imp (D:5)
  2 bullfrog zombies
  A centaur zombie (D:9)
  4 hounds
  An iguana (D:10)
  2 orc priests
  2 jellies
  2 bullfrog skeletons
  11 orc wizards
  7 worker ants
  A hound zombie (D:6)
  2 hound skeletons
  A mummy (D:5)
  A howler monkey zombie (D:5)
  11 gnolls
  13 adders
  2 shadow imps
  2 adder skeletons
  3 worms
  4 dart slugs
  5 leopard geckos
  25 orcs
  3 giant cockroaches
  9 goblins
  7 hobgoblins
  16 jackals
  4 kobolds
  2 quokkas
  8 bats
  7 frilled lizards
  A leopard gecko zombie (D:5)
  A quokka zombie (D:9)
  11 rats
  2 fungi
  2 plants (Lair:4)
333 creatures vanquished.

Vanquished Creatures (others)
  A plant (Lair:6)
1 creature vanquished.

Grand Total: 334 creatures vanquished

Notes
Turn   | Place    | Note
-------+----------+-------------------------------------------
     0 | D:1      | Illumine the Deep Dwarf Fighter began the quest for the
                  | Orb.
     0 | D:1      | Reached XP level 1. HP: 20/20 MP: 1/1
    78 | D:1      | Reached XP level 2. HP: 24/27 MP: 2/2
   190 | D:2      | You fall into a shaft and drop 1 floor!
   201 | D:3      | Noticed a moth of wrath
   204 | D:3      | Found a bloodstained altar of Trog.
   267 | D:3      | Reached skill level 3 in Axes
   267 | D:3      | Reached XP level 3. HP: 21/33 MP: 3/3
   474 | D:4      | Reached XP level 4. HP: 42/42 MP: 4/4
   498 | D:4      | Reached skill level 4 in Axes
   498 | D:4      | Reached XP level 5. HP: 47/49 MP: 5/5
   737 | D:4      | Found a glowing silver altar of Zin.
   966 | D:4      | Noticed a sky beast
  1091 | D:4      | Killed a sky beast
  1091 | D:4      | Reached XP level 6. HP: 22/57 MP: 5/5
  1177 | D:5      | Entered Level 5 of the Dungeon
  1198 | D:5      | Reached skill level 5 in Axes
  1214 | D:5      | Found a shimmering blue altar of Sif Muna.
  1231 | D:6      | Found an ancient bone altar of Kikubaaqudgha.
  1409 | D:6      | Noticed Edmund
  1422 | D:6      | Killed Edmund
  1422 | D:6      | Reached skill level 5 in Armour
  1422 | D:6      | Reached skill level 5 in Shields
  1422 | D:6      | Reached XP level 7. HP: 60/64 MP: 6/6
  1465 | D:6      | Found an opulent altar of Gozag.
  1466 | D:6      | Found a blossoming altar of Fedhas.
  1466 | D:6      | Found a hide-covered altar of Uskayaw.
  1500 | D:6      | Reached skill level 6 in Axes
  1948 | D:7      | Noticed a hungry ghost
  1992 | D:7      | Killed a hungry ghost
  2080 | D:7      | Noticed a hippogriff
  2258 | D:5      | Reached XP level 8. HP: 39/73 MP: 7/7
  2338 | D:5      | Reached skill level 7 in Axes
  2521 | D:5      | Found a snail-covered altar of Cheibriados.
  2968 | D:4      | Found a hazy altar of Hepliaklqana.
  3060 | D:7      | Found a staircase to the Ecumenical Temple.
  3075 | Temple   | Entered the Ecumenical Temple
  3378 | D:7      | Reached skill level 5 in Fighting
  3378 | D:7      | Reached skill level 8 in Axes
  3388 | D:7      | Gained mutation: You passively map the area around you.
                  | [Deep Dwarf growth]
  3388 | D:7      | Reached XP level 9. HP: 28/81 MP: 7/7
  3608 | D:8      | Noticed a two-headed ogre
  3609 | D:8      | Noticed Psyche
  3666 | D:7      | Killed Psyche
  3666 | D:7      | Reached skill level 9 in Axes
  3719 | D:8      | Killed a two-headed ogre
  3849 | D:8      | Found a basalt altar of Yredelemnul.
  3849 | D:8      | Identified the cursed ring of Nekokew {AC-3 Stlth+}
  4090 | D:8      | Found a flagged portal.
  4382 | D:9      | Reached skill level 10 in Axes
  4491 | D:9      | Found an ornate altar of the Wu Jian Council.
  4745 | D:9      | Got a translucent granite ring
  4867 | D:9      | Found a white marble altar of Elyvilon.
  4867 | D:9      | Noticed Grum
  4884 | D:9      | Reached XP level 10. HP: 52/91 MP: 6/6
  5030 | D:9      | Killed Grum
  5030 | D:9      | Reached skill level 1 in Dodging
  5323 | D:10     | Entered Level 10 of the Dungeon
  5326 | D:10     | You fall into a shaft and drop 3 floors!
  5352 | D:13     | Noticed a brown ugly thing
  5376 | D:13     | Killed a brown ugly thing
  5636 | D:11     | Noticed Nergalle
  5638 | D:11     | Identified the ring of Rationality {Str+3 Int+4 Slay+4}
                  | (You found it on level 9 of the Dungeon)
  5651 | D:11     | Killed Nergalle
  5651 | D:11     | Reached skill level 11 in Axes
  5980 | D:3      | Found a glowing golden altar of the Shining One.
  5980 | D:3      | Found a runed translucent door.
  5980 | D:3      | Noticed an angel
  6290 | D:2      | Found a burning altar of Makhleb.
  6304 | D:2      | Became a worshipper of Makhleb the Destroyer
  6594 | D:2      | You fall into a shaft and drop 2 floors!
  7104 | D:10     | Noticed a death yak
  7104 | D:10     | Noticed a death yak
  7106 | D:10     | Noticed a death yak
  7107 | D:10     | Found a staircase to the Lair.
  7107 | D:10     | Noticed a death yak
  7107 | D:10     | Noticed a death yak
  7116 | D:10     | Killed a death yak
  7121 | D:10     | HP: 1/94 [death yak (13)]
  7129 | D:10     | Killed a death yak
  7129 | D:10     | Reached XP level 11. HP: 75/100 MP: 4/4
  7135 | D:10     | Killed a death yak
  7152 | D:10     | Killed a death yak
  7154 | D:10     | Killed a death yak
  7154 | D:10     | Reached skill level 12 in Axes
  7165 | Lair:1   | Entered Level 1 of the Lair of Beasts
  7291 | Lair:1   | Reached * piety under Makhleb
  7353 | Lair:2   | Reached skill level 5 in Dodging
  7426 | Lair:2   | Found a staircase to the Swamp.
  7593 | Lair:2   | Found a staircase to the Snake Pit.
  7603 | Lair:2   | Reached skill level 1 in Invocations
  7997 | Lair:2   | Reached XP level 12. HP: 55/111 MP: 6/6
  8331 | Lair:3   | Reached skill level 10 in Armour
  8381 | Lair:3   | Reached skill level 10 in Shields
  8494 | Lair:3   | Reached skill level 13 in Axes
  8496 | Lair:3   | Reached ** piety under Makhleb
  8686 | Lair:3   | Noticed a seven-headed hydra
  8694 | Lair:3   | Killed a seven-headed hydra
  8694 | Lair:3   | Reached skill level 5 in Invocations
  8915 | Lair:4   | Noticed a death yak
  8915 | Lair:4   | Noticed a death yak
  8915 | Lair:4   | Noticed a death yak
  8934 | Lair:4   | Killed a death yak
  8934 | Lair:4   | Killed a death yak
  8958 | Lair:4   | Killed a death yak
  9083 | Lair:4   | Noticed a seven-headed hydra
  9529 | Lair:5   | Found a staircase to the Slime Pits.
 10097 | Lair:6   | Entered Level 6 of the Lair of Beasts
 10097 | Lair:6   | Noticed a death yak
 10097 | Lair:6   | Noticed a death yak
 10097 | Lair:6   | Noticed a death yak
 10097 | Lair:6   | Noticed a death yak
 10097 | Lair:6   | Noticed a death yak
 10098 | Lair:6   | Noticed a seven-headed hydra
 10114 | Lair:5   | Killed a death yak
 10115 | Lair:5   | Killed a death yak
 10130 | Lair:6   | Noticed a five-headed hydra
 10130 | Lair:6   | Noticed a death yak
 10131 | Lair:6   | Noticed a death yak
 10136 | Lair:6   | Noticed a death yak
 10154 | Lair:5   | Killed a death yak
 10233 | Lair:4   | Reached XP level 13. HP: 56/121 MP: 6/6
 10242 | Lair:4   | You fall into a shaft and drop 1 floor!
 10538 | Lair:1   | You fall into a shaft and drop 1 floor!
 11075 | D:11     | Noticed Erolcha
 11099 | D:11     | Mangled by Erolcha

Levels and vault maps discovered:
D:1:      dpeg_arrival_tiny_a, layout_loops_cross, serial_glass,
          glass_columns_a, glass_columns_b, glass_columns_a, glass_columns_a,
          minmay_misc_feat_diagonals, chequers_decorated_corner,
          minmay_pentomino_t4
D:2:      cheibrodos_old_hovel, layout_basic, lemuel_crystal_altar,
          uniq_crazy_yiuf_cottage
D:3:      layout_rooms, tgw_trog, lemuel_angel_altar
D:4:      layout_gridville, lemuel_coloured_pillars_altar, lemuel_crystal_altar,
          first_ration, minmay_misc_feat_four_crosses
D:5:      layout_loops_ring, slow_altar_2, basic_altar
D:6:      layout_loops_ring, gammafunk_temple_overflow_claw,
          overflow_temple_1_default, kennysheep_generic_room_7, uniq_edmund
D:7:      layout_basic, minmay_temple_entry_arrows, grunt_livestock
D:8:      layout_loops_ring, enter_bailey_3, yredelemnul_altar_generic,
          uniq_psyche
D:9:      layout_gridville, lemuel_crystal_altar, basic_altar, uniq_grum
D:10:     layout_stronghold, dpeg_lair_monsters
D:11:     layout_stronghold, hangedman_feature_mirror, lemuel_hellish_altar,
          uniq_erolcha, uniq_nergalle, uniq_urug
D:12:     layout_cave_pools, nicolae_ashenzari_panopticon, uniq_josephine
D:13:     layout_irregular_city, grunt_vaults_entry_tiered, serial_shops, shop,
          lightli_corner_chamber
Temple:   chequers_temple_sunken
Lair:1:   layout_regular_city, grunt_megastairs_3, infiniplex_staircase_pool
Lair:2:   layout_big_grid, swamp_mist_pool, guppyfry_snake_entry_garden,
          chequers_serial_rivers_micro_a, lemuel_fruit_tree
Lair:3:   layout_gridlike
Lair:4:   beast_lair_carwin_large_2, layout_cave_pods, special_room
          [special_room_mythical_zoo]
Lair:5:   layout_hall_layers, slime_dummy, lemuel_fruit_fields
Lair:6:   gammafunk_lair_ancient_temple, layout_gridlike,
          portal_ice_cave_entry_imps, minmay_lair_oklob_chamber,
          lemuel_fruit_fields

Skill      XL: |  1  2  3  4  5  6  7  8  9 10 11 12 13 |
---------------+----------------------------------------+-----
Axes           | 3 4 5 6 8 10 11 12 13 | 13.4
Fighting       | 3 4 5 6 7 8 9 |  9.1
Armour         | 4 5 6 7 8 9 10 | 10.7
Shields        | 4 5 6 7 8 9 10 | 10.7
Dodging        | 4 5 7 |  7.5
Invocations    | 2 7 8 |  8.1

Action                   |  1- 3 |  4- 6 |  7- 9 | 10-12 | 13-15 || total
-------------------------+-------+-------+-------+-------+-------++-------
Melee: War axe           |    75 |   185 |   296 |   661 |    58 ||  1275
       Unarmed           |       |       |       |    18 |       ||    18
 Abil: Heal Wounds       |     2 |     4 |    10 |    31 |     2 ||    49
Evoke: Wand              |       |       |       |    13 |       ||    13
  Use: Potion            |       |     1 |     2 |     2 |       ||     5
       Scroll            |       |       |     8 |     6 |       ||    14
 Stab: Invisible         |       |       |     2 |       |       ||     2
  Eat: Ration            |       |     1 |     4 |     1 |       ||     6
       Chunk             |       |       |     7 |    17 |       ||    24
Armor: Scale mail        |    17 |       |       |       |       ||    17
       Chain mail        |    21 |    92 |   107 |       |       ||   220
       Plate armour      |       |       |    94 |   338 |    17 ||   449
Dodge: Dodged            |    20 |    32 |    79 |   225 |    20 ||   376
Block: Kite shield       |    42 |    76 |   216 |   461 |    23 ||   818

Table legend:
 A = Non-vault XP
 B = Vault XP
 C = Vault XP percentage of total XP
 D = Non-vault monster count
 E = Vault monster count
 F = Vault count percentage of total count
                 A         B        C        D         E       F
            +---------+---------+-------+---------+---------+-------
      Total |   28525 |   11573 |  28.9 |     287 |      42 |  12.8
            +---------+---------+-------+---------+---------+-------
        D:1 |      19 |       5 |  20.8 |      10 |       4 |  28.6
        D:2 |      23 |       1 |   4.2 |      14 |       1 |   6.7
        D:3 |     141 |       2 |   1.4 |      29 |       2 |   6.5
        D:4 |     412 |       0 |   0.0 |      20 |       0 |   0.0
        D:5 |     374 |      18 |   4.6 |      20 |       1 |   4.8
        D:6 |     413 |     193 |  31.8 |      13 |       2 |  13.3
        D:7 |     722 |    1434 |  66.5 |      10 |       6 |  37.5
        D:8 |    1457 |     124 |   7.8 |      16 |       5 |  23.8
        D:9 |     435 |     416 |  48.9 |      14 |       3 |  17.6
       D:10 |     841 |    4365 |  83.8 |      13 |       5 |  27.8
       D:11 |    1209 |     804 |  39.9 |      17 |       1 |   5.6
       D:12 |     711 |       0 |   0.0 |      17 |       0 |   0.0
       D:13 |     607 |       0 |   0.0 |       1 |       0 |   0.0
     Lair:1 |    2856 |     253 |   8.1 |      20 |       2 |   9.1
     Lair:2 |    5680 |     486 |   7.9 |      29 |       3 |   9.4
     Lair:3 |    5777 |       0 |   0.0 |      21 |       0 |   0.0
     Lair:4 |     811 |    3472 |  81.1 |       4 |       7 |  63.6
     Lair:5 |    6037 |       0 |   0.0 |      19 |       0 |   0.0
            +---------+---------+-------+---------+---------+-------
